 Dungeon Crawl Stone Soup version 0.31-a0-233-g139696dc86 (webtiles) character file.

Game seed: 4801157456856223459

68 qw the Shooter (level 4, 0/26 HPs)
             Began as a Gargoyle Hexslinger on July 8, 2023.
             Slain by an orc
             ... wielding a +0 whip
              (2 damage)
             ... on level 3 of the Dungeon.
             The game lasted 00:00:38 (1413 turns).

qw the Shooter (Gargoyle Hexslinger)                Turns: 1413, Time: 00:00:39

Health: 0/26       AC:  8    Str: 11    XL:     4   Next: 19%
Magic:  5/5        EV: 10    Int: 14    God:
Gold:   139        SH:  0    Dex: 14    Spells: 4/5 levels left

rFire   . . .        Y - +2 sling
rCold   . . .        (no shield)
rNeg    + . .        d - +0 ring mail
rPois   inf          (no helmet)
rElec   +            (no cloak)
rCorr   .            (no gloves)
SInv    .            (no boots)
Will    .....        (no amulet)
Stlth   +            (no ring)
HPRegen 0.24/turn    (no ring)
MPRegen 0.09/turn

%: no passive effects
@: no status effects
A: sickness immunity, AC +3, negative energy resistance 1, electricity
resistance, torment resistance 1, petrification resistance
a: no special abilities


You were on level 3 of the Dungeon.
You visited 1 branch of the dungeon, and saw 3 of its levels.

You collected 139 gold pieces.


Innate Abilities, Weirdness & Mutations

You are immune to sickness and miasma.
Your stone body is resilient. (AC +3)
You are immune to poison.
You resist negative energy. (rN+)
You are resistant to electric shocks. (rElec)
You are resistant to unholy torment.
You are immune to petrification.


   Skills:
 - Level 2.0 Fighting
 - Level 4.0 Ranged Weapons
 + Level 0.3 Armour
 - Level 1.5 Dodging
 - Level 1.0 Spellcasting
 - Level 2.6 Hexes


You had 4 spell levels left.
You knew the following spells:

 Your Spells              Type           Power      Damage    Failure   Level
a - Slow                  Hex            32%        N/A       22%         1

Your spell library contained the following spells:

 Spells                   Type           Power      Damage    Failure   Level
 Inner Flame              Hex/Fire       4%         N/A       73%         3
 Portal Projectile        Hex/Tloc       8%         N/A       73%         3
 Cause Fear               Hex            4%         N/A       91%         4

Inventory:

Hand Weapons
 Y - a +2 sling (weapon)
Armour
 d - a +0 ring mail (worn)
Potions
 a - a potion of might {unknown}
 b - a potion of enlightenment {unknown}
 f - a potion of magic {unknown}

Dungeon Overview and Level Annotations

Branches:
Dungeon (3/15)

Altars:


Message History

You feel less confused. Something hits you.
1402 ||| FLEEEEING.
1403 ||| FLEEEEING.
A magic dart appears from out of thin air!
The magic dart hits you!
1404 ||| FLEEEEING.
1405 ||| FLEEEEING.
1406 ||| FLEEEEING.
1407 ||| FLEEEEING.
An orc wizard appears from thin air!
Reactivating autopickup.
You shoot a sling bullet. The sling bullet hits the orc wizard.
The orc wizard is lightly wounded.
You shoot a sling bullet. The sling bullet hits the orc wizard.
The orc wizard is moderately wounded.
The orc wizard hits you but does no damage.
You shoot a sling bullet.
The sling bullet hits the orc wizard but does no damage.
The orc wizard is moderately wounded.
The orc wizard hits you but does no damage.
The orc hits you with a +0 whip.
The orc wizard hits you with a +0 dagger.
The orc hits you but does no damage.
You shoot a sling bullet.
The sling bullet closely misses the orc wizard.
The sling bullet hits the orc.
The orc is almost dead.
The orc wizard closely misses you.
You shoot a sling bullet.
The sling bullet hits the orc but does no damage.
The orc is almost dead.
The orc wizard casts a spell at you. The magic dart hits you.
The orc hits you but does no damage. x2
You shoot a sling bullet.
The sling bullet hits the orc but does no damage.
The orc is almost dead.
The orc wizard hits you but does no damage.
The orc hits you with a +0 whip.
You die...

......# #.###
......)#....# #.# # #
#.###.#### # ##
#........# ## ...
#..#####.# .#....
#..# .#....#..# #oo#
......#..# #@o#
%##...#..# #..#####..
%.....#..#
#####....<...
.........#
#......(.....
###..#..#
#.###..####..
#..#..####.###..#
#..#.......>....#
####...............#
.......[.............


You could see an orc wizard and 2 orcs.

Vanquished Creatures
  A gnoll (D:1)
  An adder (D:2)
  2 dart slugs
  An orc (D:3)
  4 bats
  7 endoplasms
  2 giant cockroaches (D:1)
  A hobgoblin (D:1)
  5 jackals
  A quokka (D:2)
  4 ball pythons
  5 frilled lizards
  3 goblins (D:1)
  4 kobolds
  2 rats (D:2)
43 creatures vanquished.

Notes
Turn   | Place    | Note
-------+----------+-------------------------------------------
     0 | D:1      | qw the Gargoyle Hexslinger began the quest for the Orb.
     0 | D:1      | Reached XP level 1. HP: 12/12 MP: 2/2
     0 | D:1      | 0 ||| qw: Version: 0.3-a-46-gb1f654a
     0 | D:1      | 0 ||| qw: Game counter: 3406
     0 | D:1      | 0 ||| qw: Melee chars always use a shield: true
     0 | D:1      | 0 ||| qw: God list: Okawaru
     0 | D:1      | 0 ||| qw: Allow faded altars: false
     0 | D:1      | 0 ||| qw: Do Orc after clearing Dungeon:15 true
     0 | D:1      | 0 ||| qw: Do second Lair branch before Depths: true
     0 | D:1      | 0 ||| qw: Lair rune preference: random
     0 | D:1      | 0 ||| qw: Goals: Normal
     0 | D:1      | 0 ||| PLANNING D:1-11
    90 | D:1      | HP: 2/12 [gnoll/+0 whip (3)]
    92 | D:1      | Reached XP level 2. HP: 4/16 MP: 3/3
   165 | D:1      | Reached skill level 3 in Ranged Weapons
   285 | D:1      | Reached XP level 3. HP: 21/21 MP: 4/4
   712 | D:1      | 712 ||| UPGRADING to +0 ring mail.
   722 | D:1      | 722 ||| DROPPING +0 robe.
   723 | D:1      | 723 ||| DROPPING amulet of magic regeneration.
   724 | D:1      | 724 ||| READING scroll labelled DOCLON LAOZO.
   725 | D:1      | 725 ||| DROPPING scroll of poison.
   954 | D:2      | Reached XP level 4. HP: 26/26 MP: 5/5
  1246 | D:2      | 1246 ||| READING scroll labelled CUNOM DIOM.
  1247 | D:2      | 1247 ||| READING scroll labelled ZOTANWO BECE.
  1252 | D:3      | 1252 ||| PLANNING SEWER
  1330 | D:3      | Reached skill level 4 in Ranged Weapons
  1402 | D:3      | 1402 ||| FLEEEEING.
  1403 | D:3      | 1403 ||| FLEEEEING.
  1404 | D:3      | 1404 ||| FLEEEEING.
  1405 | D:3      | 1405 ||| FLEEEEING.
  1406 | D:3      | 1406 ||| FLEEEEING.
  1407 | D:3      | 1407 ||| FLEEEEING.
  1412 | D:3      | HP: 2/26 [orc wizard/magic dart (6)]
  1413 | D:3      | Slain by an orc

Levels and vault maps discovered:
D:1:      minmay_arrival_semitransparent, layout_loops_ring,
          chequers_serial_rivers_micro_a, minmay_pentomino_p4
D:2:      layout_basic
D:3:      layout_loops_ring, kiku_gazebo_garden_becter, portal_sewer_entry_b,
          serial_shops, shop

Skill      XL: |  1  2  3  4 |
---------------+-------------+-----
Ranged Weapons | 3 4 |  4.0
Fighting       | 2 |  2.0
Armour         | |  0.3
Dodging        | |  1.5
Spellcasting   | |  1.0
Hexes          | |  2.6

Action                     |  1- 3 |  4- 6 || total
---------------------------+-------+-------++-------
   Fire: Sling             |   120 |    45 ||   165
    Use: Scroll            |     1 |     2 ||     3
 Armour: Robe              |     6 |       ||     6
         Ring mail         |    48 |    21 ||    69
  Dodge: Dodged            |    54 |    17 ||    71

Table legend:
 A = Non-vault XP
 B = Vault XP
 C = Vault XP percentage of total XP
 D = Non-vault monster count
 E = Vault monster count
 F = Vault count percentage of total count
                 A         B        C        D         E       F
            +---------+---------+-------+---------+---------+-------
      Total |      92 |       6 |   6.1 |      39 |       4 |   9.3
            +---------+---------+-------+---------+---------+-------
        D:1 |      42 |       6 |  12.5 |      16 |       4 |  20.0
        D:2 |      39 |       0 |   0.0 |      17 |       0 |   0.0
        D:3 |      11 |       0 |   0.0 |       6 |       0 |   0.0
            +---------+---------+-------+---------+---------+-------
